 Dungeon Crawl Stone Soup version 0.26.1-2-gb8aa6d0cf2 (webtiles) character file.

Game seed: 12211457567533385441

17 Martska the Skirmisher (level 2, -2/31 HPs)
             Began as an Ogre Gladiator on Mar 20, 2021.
             Slain by a kobold
             ... wielding a +2 short sword of electrocution
              (16 damage)
             ... on level 1 of the Dungeon.
             The game lasted 00:00:45 (1213 turns).

Martska the Skirmisher (Ogre Gladiator)             Turns: 1213, Time: 00:00:45

Health: -2/31      AC:  3    Str: 17    XL:     2   Next: 62%
Magic:  0/2        EV: 10    Int:  9    God:
Gold:   16         SH:  0    Dex: 10    Spells: 1/1 levels left

rFire    . . .     SeeInvis .   a - +0 flail
rCold    . . .     Faith    .   (no shield)
rNeg     . . .     Spirit   +   b - +0 robe
rPois    .         Reflect  .   c - +0 hat
rElec    .         Harm     .   (no cloak)
rCorr    .         Rampage  .   (gloves unavailable)
Will     .....                  (boots unavailable)
Stlth    +.........             k - amulet of guardian spirit
HPRegen  0.10/turn              (no ring)
MPRegen  0.08/turn              (no ring)

@: no status effects
A: large, unfitting armour, tough skin 1
a: no special abilities


You were on level 1 of the Dungeon.
You visited 1 branch of the dungeon, and saw 2 of its levels.

You collected 16 gold pieces.

Inventory:

Hand Weapons
 a - a +0 flail (weapon)
Missiles
 d - 3 throwing nets (quivered)
Armour
 b - a +0 robe (worn)
 c - a +0 hat (worn)
Jewellery
 k - an amulet of guardian spirit (around neck)
Scrolls
 e - a scroll of teleportation {unknown}
 h - 3 scrolls of remove curse {unknown}
 j - a scroll of enchant weapon {unknown}
 l - a scroll of identify {unknown}
 m - a scroll of noise {unknown}
Potions
 f - 2 potions of curing {unknown}
 g - a potion of lignification {unknown}
 i - a potion of heal wounds {unknown}


   Skills:
 * Level 3.2 Fighting
 * Level 2.9 Maces & Flails
 - Level 2.0 Throwing
 * Level 3.0 Dodging
 + Level 0.3 Stealth


You had one spell level left.
You didn't know any spells.
Your spell library was empty.

Dungeon Overview and Level Annotations

Branches:
Dungeon (2/15)

Altars:


Innate Abilities, Weirdness & Mutations

You are too large for most types of armour.
You have tough skin. (AC +1)


Message History

You are too injured to fight recklessly!
You are too injured to fight recklessly!
You are too injured to fight recklessly!
You are too injured to fight recklessly!
You are too injured to fight recklessly!
You are too injured to fight recklessly!
You are too injured to fight recklessly!
You are too injured to fight recklessly!
You are too injured to fight recklessly!
You are too injured to fight recklessly!
The kobold barely misses you.
There is a stone staircase leading up here.
The kobold barely misses you.
You climb upwards.
There is a stone staircase leading down here.
You barely miss the kobold. The kobold barely misses you.
You closely miss the kobold. The kobold hits you but does no damage.
You are electrocuted!
Ouch! That really hurt!
You die...

###.#.....##.#.#..##.#.#.## #####
# ###.....##.#.#....###..# ####..
# ##.....#.#.#<.###.#..###...## #
#.....#.#.#....##.##.##.##.# #
#.....#.#.#..##...##...####. #
#.....#.#.##################
######.....#.#...................
................K####..###.#.####
###########.....@# #..# #.#.....
.# #......# #..###.#..... .#
#.....## #......#..... .# #.....#
#.####.#..... ## #....## #.#
#.#..... #....# ####.# #.#.....
####.# #.##.####.#.#### #.#
#.........#.# #.# #..#.######.#


You could see a kobold.

Vanquished Creatures
  2 leopard geckos (D:1)
  2 giant cockroaches (D:1)
  2 goblins
  3 hobgoblins
  2 bats (D:1)
  A frilled lizard (D:1)
  2 rats (D:1)
14 creatures vanquished.

Notes
Turn   | Place    | Note
-------+----------+-------------------------------------------
     0 | D:1      | Martska the Ogre Gladiator began the quest for the Orb.
     0 | D:1      | Reached XP level 1. HP: 22/22 MP: 1/1
   566 | D:1      | Reached XP level 2. HP: 31/31 MP: 2/2
  1213 | D:1      | Slain by a kobold

Illustrated notes

Levels and vault maps discovered:
D:1:      dpeg_arrival_signposts, layout_basic
D:2:      layout_loops_ring, kennysheep_potato

Skill      XL: |  1  2 |
---------------+-------+-----
Fighting       | 3 |  3.2
Dodging        | 3 |  3.0
Maces & Flails | |  2.9
Throwing       | |  2.0
Stealth        | |  0.3

Action                   || total
-------------------------++-------
Melee: Flail             ||    26
Armor: Robe              ||     4
Dodge: Dodged            ||    15
